Cogmind - Beta 10.2 @@@ ROGUE MODE // 2021.03.07 @ 15:55:01 Player: gammafunk Result: Destroyed by as-70816 with Assembled Rifle Performance ------------- Evolutions (0) 0 Regions Visited (2) 400 Robots Destroyed (22) 110 Value Destroyed (560) 560 Prototype IDs (2) 40 Alien Tech Used (0) 0 Bonus (0) 0 TOTAL SCORE: 1110 Bonus ------- None Cogmind --------- Core Integrity 0/250 Matter 229/300 Energy 263/265 System Corruption 0% Temperature Cool (1) Movement Treading (200) Ox2 Location -10/Mines Parts ------- > --- POWER (1) -------- Improved Ion Engine > --- PROPULSION (2) --- Light Treads > --- UTILITY (2) ------ High-capacity Storage Unit Light Armor Plating > --- WEAPON (2) ------- Light EM Pulse Cannon > --- INVENTORY (12) --- Improved Ion Engine Light Treads Light Treads Heat Sink Large Storage Unit Large Storage Unit Signal Interpreter Beam Rifle Light EM Pulse Cannon Light Assault Rifle Grenade Launcher Peak State ------------ > --- POWER ------------ Improved Ion Engine > --- PROPULSION ------- Light Treads Light Treads > --- UTILITY ---------- High-capacity Storage Unit Light Armor Plating > --- WEAPON ----------- Light EM Pulse Cannon Light EM Pulse Cannon > --- INVENTORY -------- Ion Engine Light Treads Light Treads Heat Sink Large Storage Unit Large Storage Unit Signal Interpreter Beam Rifle Beam Rifle Light Assault Rifle Grenade Launcher Welding Torch [Rating: 11] Favorites ----------- Power Ion Engine Engine Ion Engine Propulsion Light Treads Treads Light Treads Utility Small Storage Unit Device Heat Sink Storage Small Storage Unit Protection Light Armor Plating Weapon Light EM Pulse Cannon Energy Gun Small Laser Energy Cannon Light EM Pulse Cannon Ballistic Gun Light Assault Rifle Launcher Grenade Launcher Build | -11 -10 -10 ------- Run | Scr Mat Min Slots Evolved . | . . . Power . | . . . Propulsion . | . . . Utility . | . . . Weapon . | . . . Parts Attached 27 | 7 14 6 Power 4 | 1 2 1 Engine 4 | 1 2 1 Core . | . . . Reactor . | . . . Propulsion 4 | 2 2 . Treads 4 | 2 2 . Leg . | . . . Wheel . | . . . Hover . | . . . Flight . | . . . Utility 8 | 2 4 2 Device 2 | . 2 . Storage 4 | 2 2 . Processor . | . . . Hackware . | . . . Protection 2 | . . 2 Artifact . | . . . Weapon 11 | 2 6 3 Energy Gun 4 | 1 2 1 Energy Cannon 3 | . 2 1 Ballistic Gun 2 | 1 1 . Ballistic Cannon . | . . . Launcher 2 | . 1 1 Special Weapon . | . . . Impact Weapon . | . . . Slashing Weapon . | . . . Piercing Weapon . | . . . Special Melee Weapon . | . . . Unidentified Prototypes . | . . . Parts Lost 5 | . 2 3 Power . | . . . Propulsion 1 | . . 1 Utility 1 | . . 1 Weapon 3 | . 2 1 Highest Loss Streak 3 | . 1 3 Average Slot Usage (%) 99 | . 99 100 Engine 14 | . 14 14 Treads 27 | . 27 28 Device 4 | . 3 4 Storage 19 | . 24 14 Protection 4 | . . 9 Energy Gun 3 | . 7 . Energy Cannon 14 | . 11 17 Ballistic Gun 7 | . 9 4 Launcher 2 | . . 6 Naked Turns . | . . . Heaviest Build 50 | 13 43 50 Greatest Support 40 | 40 40 40 Greatest Overweight (x) 2 | . 1 2 Average Overweight (x) . | . . 1 Largest Inventory Capacity 12 | 8 12 12 Average Capacity 10 | 6 8 12 Most Carried 12 | 2 12 12 Average Carried 9 | 1 7 11 Final Capacity 12 | 8 12 12 Final Carried 12 | 2 12 11 Class Distribution -------------------- 100% | Mutant Dominant Class ---------------- Mutant | -10/Materials Mutant | -10/Mines Resources | -11 -10 -10 ----------- Run | Scr Mat Min Matter Collected 474 | 266 177 31 Remotely . | . . . Salvage Created 832 | 82 610 140 Parts 42 | 1 30 11 Haulers Intercepted 2 | . 2 . Recyclers Shooed . | . . . Parts Field Recycled . | . . . Retrieved Matter . | . . . Parts Self-Destructed . | . . . Prevented . | . . . Kills | -11 -10 -10 ------- Run | Scr Mat Min Combat Hostiles Destroyed 17 | . 10 7 Guns 6 | . 6 . Cannons 6 | . 4 2 AOE 5 | . . 5 Classes Destroyed 8 | 1 4 3 Hauler 2 | . 2 . Recycler 1 | 1 . . Operator 1 | . 1 . Watcher 3 | . 3 . Swarmer 3 | . . 3 Grunt 10 | . 10 . Sentry 2 | . . 2 Assembled 2 | . . 2 Best Kill Streak 4 | 1 4 3 Combat Bots Only 4 | . 4 3 Max Kills in Single Turn 2 | 1 1 2 Gunslinging . | . . . Exploded 2 | . . 2 Melee . | . . . Uniques/NPCs Destroyed . | . . . Combat | -11 -10 -10 -------- Run | Scr Mat Min Damage Taken 1239 | . 434 805 Core 257 | . 87 170 Absorbed by Shields . | . . . Core Remaining (%) 100 | 100 . . Volleys Fired 63 | 6 49 8 Largest 2 | 2 2 2 Hottest 112 | 60 112 112 Shots Fired 119 | 11 98 10 Gun 92 | 11 81 . Cannon 21 | . 17 4 Launcher 6 | . . 6 Special . | . . . Kinetic 44 | 6 38 . Thermal 48 | 5 43 . Explosive 6 | . . 6 Electromagnetic 21 | . 17 4 Robot Hit Streak 21 | 3 21 2 Robot Miss Streak 3 | 1 3 . Penetration Max . | . . . Secondary Targets . | . . . Shots Hit Robots 75 | 7 66 2 Core Hits 45 | 2 28 15 Critical Hits . | . . . Critical Kills . | . . . Critical Parts Destroyed . | . . . Melee Attacks . | . . . Impact . | . . . Slashing . | . . . Piercing . | . . . Sneak Attacks . | . . . Combat Hostiles . | . . . Follow-up Attacks . | . . . Damage Inflicted 1231 | 47 981 203 Guns 558 | 47 511 . Cannons 340 | . 300 40 Explosions 316 | . 156 160 Melee . | . . . Ramming 17 | . 14 3 Kinetic 191 | 25 166 . Thermal 523 | 22 501 . Explosive 160 | . . 160 Electromagnetic 340 | . 300 40 Impact . | . . . Slashing . | . . . Piercing . | . . . Highest Corruption . | . . . Average Corruption . | . . . Corruption Purged . | . . . Overload Shots . | . . . Overflow Damage 6 | . . 6 Projectiles . | . . . Explosions 6 | . . 6 Melee . | . . . Knockbacks . | . . . Impact . | . . . Kinetic . | . . . Secondary . | . . . Self-Inflicted Damage 54 | . . 54 Shots 3 | . . 3 Rammed 4 | . 3 1 Targets Rammed 4 | . 3 1 Kicked . | . . . Crushed . | . . . Highest Temperature 228 | 40 228 51 Average Temperature 70 | 22 75 28 Received Heat Transfer 261 | . 243 18 Siege Activations . | . . . Robots Corrupted . | . . . Combat Hostiles . | . . . Parts Fried 1 | . 1 . Impact Corruptions . | . . . Robots Melted . | . . . Combat Hostiles . | . . . Parts Melted . | . . . Heat Transferred 1025 | 50 975 . Parts Sabotaged . | . . . Parts Stolen . | . . . Parts Stripped . | . . . Power Chain Reactions 2 | . 2 . Missiles Intercepted . | . . . Alert | -11 -10 -10 ------- Run | Scr Mat Min Peak Influence 230 | 5 230 82 Initial 27 | . 3 27 Average 68 | 1 107 36 Maximum Alert Level 1 | . 1 . Low Security (%) 97 | 100 94 100 Level 1 2 | . 5 . Level 2 . | . . . Level 3 . | . . . Level 4 . | . . . Level 5 . | . . . High Security . | . . . Max Security . | . . . Squads Dispatched 2 | . 2 . Investigation 1 | . 1 . Extermination . | . . . Reinforcement 1 | . 1 . Assault . | . . . Garrison . | . . . Intercept . | . . . Construction Impeded . | . . . Haulers Reinforced . | . . . Stealth | -11 -10 -10 --------- Run | Scr Mat Min Distress Signals . | . . . Communications Jammed . | . . . Distress Signals . | . . . Times Spotted 43 | . 15 28 Peak Tracking Total 18 | . 4 18 Tactical Retreats 1 | . . 1 Traps | -11 -10 -10 ------- Run | Scr Mat Min Traps Triggered 1 | . 1 . Indirectly . | . . . Trap Hack Attempts . | . . . Triggered . | . . . Disarmed . | . . . Reprogrammed . | . . . Reused . | . . . Traps Extracted . | . . . Installed . | . . . Triggered . | . . . Machines | -11 -10 -10 ---------- Run | Scr Mat Min Machines Disabled . | . . . Max in Single Turn . | . . . Machines Sabotaged . | . . . Garrisons Compromised . | . . . Overloaded Fab Kills . | . . . Fab Network Shutdowns . | . . . Hacking | -11 -10 -10 --------- Run | Scr Mat Min Machines Accessed 10 | . 10 . Terminals 7 | . 7 . Fabricators . | . . . Repair Stations 1 | . 1 . Recycling Units 2 | . 2 . Scanalyzers . | . . . Garrison Access . | . . . Total Hacks 27 | . 27 . Successful 19 | . 19 . Failed 8 | . 8 . Catastrophic 1 | . 1 . Database Lockouts . | . . . Manual 11 | . 11 . Terminals 20 | . 20 . Fabricators . | . . . Repair Stations 4 | . 4 . Recycling Units 3 | . 3 . Scanalyzers . | . . . Garrison Access . | . . . Terminal Hacks 9 | . 9 . Part Schematic 1 | . 1 . Prototype ID Bank 1 | . 1 . Branch Access Points 1 | . 1 . Terminal Index 1 | . 1 . Locate Traps 1 | . 1 . Hauler Manifests 3 | . 3 . Zone Layout 1 | . 1 . Fabricator Hacks . | . . . Repair Station Hacks 4 | . 4 . Scan Component 2 | . 2 . Repair 2 | . 2 . Recycling Unit Hacks 3 | . 3 . Process 1 | . 1 . Retrieve Components 2 | . 2 . Scanalyzer . | . . . Garrison Access Hacks . | . . . Unauthorized Hacks 3 | . 3 . Terminals 3 | . 3 . Botnet 3 | . 3 . Fabricators . | . . . Repair Stations . | . . . Recycling Units . | . . . Scanalyzers . | . . . Garrison Access . | . . . Data Cores Recovered 1 | . 1 . Used 1 | . 1 . Hacking Detections 8 | . 8 . Full Trace Events . | . . . Feedback Events . | . . . Feedback Blocked . | . . . Robot Schematics Acquired . | . . . Robots Built . | . . . Matter . | . . . Time . | . . . Total Robot Build Rating . | . . . Part Schematics Acquired 1 | . 1 . Parts Built . | . . . Matter . | . . . Time . | . . . Total Part Build Rating . | . . . Parts Repaired 2 | . 2 . Time 52 | . 52 . Parts Recycled . | . . . Recycled Matter . | . . . Retrieved Matter . | . . . Retrieved Components 2 | . 2 . Parts Scanalyzed . | . . . Part Schematics Acquired . | . . . Parts Damaged . | . . . Bothacking | -11 -10 -10 ------------ Run | Scr Mat Min Used RIF Installer . | . . . Robots Hacked . | . . . Non-combat . | . . . Combat . | . . . Robot Hacks Applied . | . . . Relay Couplers Released . | . . . Robots Rewired . | . . . Allies Hacked . | . . . Hacks Repelled . | . . . Allies | -11 -10 -10 -------- Run | Scr Mat Min Total Allies . | . . . Largest Group . | . . . Highest-Rated Group . | . . . Highest-Rated Ally . | . . . Total Orders . | . . . Ally Attacks . | . . . Total Damage . | . . . Kills . | . . . Allies Corrupted . | . . . Allies Melted . | . . . Intel | -11 -10 -10 ------- Run | Scr Mat Min Robot Analysis Total . | . . . Derelict Logs Recovered . | . . . Drone Launches . | . . . Drone Recoveries . | . . . Exploration | -11 -10 -10 ------------- Run | Scr Mat Min Turns Passed 2128 | 154 1027 947 Spaces Moved 1065 | 84 476 505 Core 7 | 7 . . Treads 1058 | 77 476 505 Legs . | . . . Wheels . | . . . Hover . | . . . Flight . | . . . Fastest Speed 50 | 50 160 180 Average Speed 171 | 150 165 180 Slowest Speed 200 | 160 180 200 Overloaded Moves . | . . . Propulsion Burnouts . | . . . Robots Hopped . | . . . Cave-ins Triggered . | . . . Exploration Rate (%) 53 | 5 79 75 Regions Visited 2 Branch Regions 1 Pre-discovered Areas 1 | . . 1 Known Exits Taken 1 | . 1 . Unknown Exits Taken 1 | 1 . . Scrap Searched 1 | . . 1 Spaces Dug . | . . . Terrain Destroyed 48 | . 8 40 Melee . | . . . Projectile . | . . . AOE 48 | . 8 40 Terrain Rammed . | . . . Walls Destroyed . | . . . Machines Disabled . | . . . Actions | -11 -10 -10 --------- Run | Scr Mat Min Total 1258 | 98 621 539 Wait 70 | . 65 5 Move 1063 | 83 475 505 Hop . | . . . Pick Up 19 | 2 11 6 Fast Attach 10 | 7 2 1 Attach 3 | . 2 1 Detach . | . . . Swap 14 | . 10 4 Drop 12 | . 4 8 Fire 63 | 6 49 8 Melee . | . . . Ram . | . . . Kick . | . . . Crush 4 | . 3 1 Escape Stasis . | . . . Rewire . | . . . Trap . | . . . Miscellaneous . | . . . Route ------- -11/Scrapyard -10/Materials (discovered 4 exits: [*Mat x2] / *Min x2) -10/Mines (discovered 3 exits: [*Mat x2] / [*Exi]) History --------- Turn | Location | Event 11 | -11/Scrapyard | Discovered new exit (range 16) 155 | -11/Scrapyard | Entered Materials 304 | -10/Materials | Build established: Mutant 534 | -10/Materials | Discovered new exit (range 16) 675 | -10/Materials | Identified exit to Mines 681 | -10/Materials | Discovered new exit (range 14) 726 | -10/Materials | Repaired Lgt. Treads 754 | -10/Materials | Repaired Lgt. Treads 1042 | -10/Materials | Discovered new exit (range 16) 1182 | -10/Materials | Entered Mines 1713 | -10/Mines | Discovered new exit (range 12) 1749 | -10/Mines | Discovered new exit (range 13) 1883 | -10/Mines | Deemed a non-threat by the Exiles lab entrance 1883 | -10/Mines | Discovered new exit (range 5) 1956 | -10/Mines | Learned location of Storage (-9) 2094 | -10/Mines | Assembled infested the area 2107 | -10/Mines | Core integrity fell below 50% 2128 | -10/Mines | Core integrity fell below 20% 2129 | -10/Mines | Destroyed by as-70816 with Assembled Rifle Last Messages --------------- as-64816 destroyed. as-19433 destroyed. C-30 ARC bursts open, deploying its payload. D-53 Grenadier unfolds itself. Lgt. Treads destroyed. Lgt. Armor Plating destroyed. as-04031 destroyed. R-06 Scavenger destroyed. as-52527 destroyed. as-07415 destroyed. as-95347 destroyed. as-99566 destroyed. as-02535 destroyed. as-55474 destroyed. D-53 Grenadier destroyed. as-54351 destroyed. The unstable cave ceiling collapses. Beam Rifle destroyed. D-53 Grenadier destroyed. as-83008 destroyed. Map ----- +----------------------------------------------------+ | | | | | | | | | | | | | | | | | | | | | | | | | ?????????????????????????????????????????????????? | | ?????????????????????????????????????????????????? | | ????????????????????????????????????????#????????? | | ???????????????????????????????????? ##???????? | | ??????????????????????????????##### ##??????? | | ????????????????????????????? ?????? | | ?????????????????????######## ????? | | #####???????????????## a% aa a% % ????? | | ##??????######### a## ????? | | ##?????# ## aa ????? | | ##????# """ ## % ###### ####??????? | | ##???# """ # #??????###?????????? | | #???# """ #??????????????????? | | #### ##??# ## @ #??????????????????? | | ##### #??######### ! #??????????????????? | | ## #??????????# ##??????????????????? | | ## ### ##??????????## % #???????????????????? | | ## ###????????????#! ###???????????????????? | | ?# #############????## ###?????????????????????? | | ?# #?????# ##???????????????????????? | | ?############# #?????# #????????????????????????? | | ############## #?????# #????????????????????????? | | ###???# #????????????????????????? | | ############## #???# #????????????????????????? | | ?????????????# #???# #######??????????????????? | | ?????????????### ##### #??????????????????? | | ???????????????# ##### #??????????????????? | | ??????????????## #######????????????????????????? | | ??????????????# #?????????????????????????????? | | ??????????????# ##????????????????????????????? | | ??????????????## ###??????????????????????????? | | ??????????????## ##?????????????????????????? | | ???#####?????## #?????????????????????????? | | ??## ####### #?????????????????????????? | | ??# ## ## ##???????##????????????????? | | ###= #### #??????? ###??????????????? | | #?????? ???????????????? | | ####= #????? #????????????????? | +----------------------------------------------------+ Best States ------------- Heat Dissipation 35 Energy Generation 12 Energy Capacity 265 Matter Stores 300 Matter Capacity 300 Sight Range 16 Terrain Scan Density 10 Armor Coverage 150 Evasion (%) 40 Recoil Reduction 2 Item Schematics ----------------- Hcp. Storage Unit | -10/Materials | Hacked Robot Schematics ------------------ None Fabricated ------------ Nothing Alien Tech Used ----------------- None Achievements -------------- None Challenges ------------ None Game ------ Seed DynamicFocalWand Manual? 0 Play Time 00:13:52 Cumulative 35.7 hours Start 2021.03.07 @ 15:41:22 End 2021.03.07 @ 15:55:01 Sessions 1 Manual Loads 0 Difficulty Rogue Special Mode None Game No. 28 Rogue 28 Adventurer 0 Explorer 0 Win Type - Total 0 Types 0/0/0/0/0/0/0/0/0 Lore% 42 Gallery% 29 Achievement% 34 Wizard Run 0 Options --------- ASCII 0 Keyboard 1 Movement Vi Keybinds 0 Fullscreen 2 Font 12/Smallcaps Map View 60x54 Tactical HUD 0 Map Filters NONE Filters NONE Steam 0 RUN: 2919fe17-05f7-4fce-8e53-144cec137f33